 Dungeon Crawl Stone Soup version 0.21-a0-372-gd0ff781 (webtiles) character file.

1534 grizmgrazm2 the Shield-Bearer (level 8, -13/60 HPs)
             Began as a Vampire Fighter on Oct 16, 2017.
             Was a Believer of Kikubaaqudgha.
             Mangled by 4thArraOfDagon's ghost (18 damage)
             ... on level 6 of the Dungeon.
             The game lasted 00:13:55 (6395 turns).

grizmgrazm2 the Shield-Bearer (Vampire Fighter)     Turns: 6395, Time: 00:13:55

Health: -13/60     AC:  0    Str: 15    XL:     8   Next: 55%
Magic:  9/11       EV: 21    Int: 12    God:    Kikubaaqudgha [**....]
Gold:   406        SH:  0    Dex: 19    Spells: 11/12 levels left

rFire    . . .     SeeInvis +     - Unarmed
rCold    + . .     Gourm    .   (shield currently unavailable)
rNeg     + + .     Faith    .   (armour currently unavailable)
rPois    +         Spirit   .   (helmet currently unavailable)
rElec    .         Reflect  .   (cloak currently unavailable)
rCorr    .         Harm     .   (gloves currently unavailable)
MR       .....                  (boots currently unavailable)
Stlth    ++++......             (no amulet)
HPRegen  0.10/turn              (ring currently unavailable)
MPRegen  0.12/turn              (ring currently unavailable)

@: lethally poisoned (-13 -> -26), bat-form, flying, regenerating slowly, very
quick
A: fangs 3, see invisible
a: End Transformation, Receive Corpses, Renounce Religion


You were on level 6 of the Dungeon.
You worshipped Kikubaaqudgha.
Kikubaaqudgha was pleased with you.
You were near bloodless.
You were in vampire-bat-form.
You visited 1 branch of the dungeon, and saw 6 of its levels.

You collected 406 gold pieces.

Inventory:

Hand Weapons
 m - a +2 dagger of draining
 o - a +0 short sword of electrocution (melded)
 s - a +4 falchion
Armour
 b - a +0 shield (melded)
 h - a scarf of resistance (melded)
 q - the +0 leather armour of the Lumpy Realms (melded) {*Contam rElec rPois Str+7}
   (You found it on level 5 of the Dungeon)

   It affects your strength (+7).
   It insulates you from electricity.
   It protects you from poison.
   It causes magical contamination when unequipped.
 u - +0 fire dragon scales
Jewellery
 n - a ring of wizardry (melded)
 p - a ring of resist corrosion (melded)
Wands
 a - a wand of polymorph (8/24)
 j - a wand of confusion (19/48)
 v - a wand of digging (24/24)
Scrolls
 e - a scroll of identify
 f - a scroll of teleportation
 g - 3 scrolls of recharging
 y - a scroll of magic mapping {unknown}
Potions
 c - 2 potions of might
 d - 2 potions of blood
 i - a potion of resistance
 k - 2 potions of brilliance
 r - a potion of flight
 w - a potion of ambrosia {unknown}
 x - a potion of lignification {unknown}
 z - a potion of heal wounds {unknown}
Books
 t - Kikubaaqudgha's Tome of Unholy Magic
   (Kikubaaqudgha gifted it to you on level 1 of the Dungeon)

   Spells                             Type                      Level
   a - Pain                           Necromancy                   1
   b - Corpse Rot                     Necromancy                   2
   c - Sublimation of Blood           Necromancy                   2
   d - Regeneration                   Charms/Necromancy            3
   e - Control Undead                 Necromancy                   4


   Skills:
 + Level 3.8 Fighting
 + Level 5.0 Short Blades
 + Level 0.2(2.8) Long Blades
 + Level 4.3 Armour
 + Level 3.3 Dodging
 + Level 2.5 Stealth
 + Level 5.5 Shields
 + Level 3.0 Unarmed Combat
 * Level 2.5 Spellcasting
 * Level 2.7 Necromancy


You had 11 spell levels left.
You knew the following spells:

 Your Spells              Type           Power        Failure   Level  Hunger
a - Pain                  Necr           #...         9%          1    #......


Dungeon Overview and Level Annotations

Branches:
Dungeon (6/15)             Temple (0/1) D:5

Altars:
Dithmenos
Elyvilon
Kikubaaqudgha
Makhleb
Okawaru
Ru
Sif Muna
Trog
Vehumet
The Shining One

Annotations:
D:4 2 transporters
D:6 4thArraOfDagon's ghost, amateur MiBe


Innate Abilities, Weirdness & Mutations

You heal slowly.
You have razor-sharp teeth.
You have supernaturally acute eyesight. (SInv)
((You can survive without breathing.))


Message History

You feel sick. 4thArraOfDagon's ghost turns its malevolent gaze towards you.
* * * LOW HITPOINT WARNING * * *
You feel sick.
* * * LOW HITPOINT WARNING * * *
You feel sick.
A worm comes into view.
* * * LOW HITPOINT WARNING * * *
You feel sick.
You turn into a vampire bat.
Your +0 short sword of electrocution melds into your body.
Your scarf of resistance melds into your body.
Your +0 shield melds into your body.
The +0 leather armour of the Lumpy Realms {*Contam rElec rPois Str+7} melds into your body.
Your ring of resist corrosion melds into your body.
Your ring of wizardry melds into your body.
Your +0 short sword of electrocution stops crackling.
You feel hot and cold all over. 4thArraOfDagon's ghost hits you!!
You die...
Kikubaaqudgha rasps: "You have failed me!
Welcome... oblivion!"

## .. .. #.
#..##.####
.........#
.........########w
#..Wb.......
#.########## # #.#
.#### #.# ...<#
###.#### ....#
#......### .#..#
#..#....... [.#.##
#..#....(.. .....#
####y####...##


You could see a worm (wandering) and 4thArraOfDagon's ghost.

Vanquished Creatures
  A yaktaur (shapeshifter) (D:5)
  Sigmund (D:4)
  Edmund (D:4)
  2 sky beasts (D:5)
  A phantom (D:5)
  An eye of draining (D:5)
  Blork the orc (D:4)
  A scorpion (D:4)
  A howler monkey (D:5)
  A crimson imp (D:5)
  2 orc priests
  A bullfrog skeleton (D:4)
  3 iguanas
  2 orc wizards
  3 worker ants (D:5)
  3 gnolls
  7 adders
  2 shadow imps
  An ooze (D:3)
  2 adder skeletons (D:5)
  An adder zombie (D:5)
  A worm (D:3)
  2 leopard geckos
  14 orcs
  A ball python (D:3)
  4 giant cockroaches
  5 goblins
  9 hobgoblins
  4 jackals (D:2)
  9 kobolds
  4 quokkas
  4 bats
  3 frilled lizards
  A quokka skeleton (D:4)
  13 rats
112 creatures vanquished.

Notes
Turn   | Place    | Note
-------+----------+-------------------------------------------
     0 | D:1      | grizmgrazm2 the Vampire Fighter began the quest for the Orb.
     0 | D:1      | Reached XP level 1. HP: 17/17 MP: 1/1
   103 | D:1      | You fall through a shaft!
   121 | D:2      | Found an ancient bone altar of Kikubaaqudgha.
   128 | D:2      | Became a worshipper of Kikubaaqudgha
   174 | D:2      | Reached XP level 2. HP: 19/23 MP: 2/2
   502 | D:2      | Found a shadowy altar of Dithmenos.
   549 | D:2      | Found a burning altar of Makhleb.
   552 | D:2      | Reached XP level 3. HP: 29/29 MP: 3/3
   887 | D:2      | Found a deep blue altar of Sif Muna.
  1363 | D:1      | Reached * piety under Kikubaaqudgha
  1363 | D:1      | Identified Kikubaaqudgha's Tome of Unholy Magic (Kikubaaqudgha gifted it to you on level 1 of the Dungeon)
  1363 | D:1      | Received a gift from Kikubaaqudgha
  1367 | D:1      | Learned a level 1 spell: Pain
  1549 | D:3      | Reached XP level 4. HP: 35/35 MP: 4/4
  1555 | D:3      | Reached skill level 1 in Short Blades
  1911 | D:3      | Reached XP level 5. HP: 41/41 MP: 5/5
  2004 | D:3      | Reached ** piety under Kikubaaqudgha
  2284 | D:3      | Found a radiant altar of Vehumet.
  2287 | D:3      | Found a white marble altar of Elyvilon.
  2290 | D:3      | Found a bloodstained altar of Trog.
  2470 | D:4      | Noticed Edmund
  2477 | D:4      | Killed Edmund
  2477 | D:4      | Reached XP level 6. HP: 31/47 MP: 6/6
  3043 | D:4      | Noticed Sigmund
  3055 | D:4      | Killed Sigmund
  3127 | D:4      | Reached XP level 7. HP: 16/52 MP: 7/7
  3743 | D:4      | Found a transporter.
  3746 | D:4      | Found a transporter.
  3764 | D:4      | Found a glowing golden altar of the Shining One.
  3936 | D:4      | Noticed Blork the orc
  4173 | D:4      | Killed Blork the orc
  4251 | D:5      | Entered Level 5 of the Dungeon
  4295 | D:5      | Got a dazzling leather armour
  4306 | D:5      | Identified the cursed +0 leather armour of the Lumpy Realms {*Contam rElec rPois Str+7} (You found it on level 5 of the Dungeon)
  4357 | D:5      | Reached skill level 1 in Stealth
  4357 | D:5      | Reached skill level 1 in Spellcasting
  4357 | D:5      | Reached skill level 1 in Necromancy
  4752 | D:5      | Reached skill level 5 in Shields
  4754 | D:5      | Found a staircase to the Ecumenical Temple.
  5130 | D:5      | Reached XP level 8. HP: 56/59 MP: 10/10
  5593 | D:5      | Noticed a yaktaur
  5602 | D:5      | Killed a yaktaur
  5608 | D:5      | Reached skill level 5 in Short Blades
  6064 | D:6      | Found an iron altar of Okawaru.
  6362 | D:6      | Found a sacrificial altar of Ru.
  6391 | D:6      | Noticed 4thArraOfDagon's ghost (amateur MiBe)
  6395 | D:6      | Mangled by 4thArraOfDagon's ghost

Vault maps used:
D:1:      dpeg_arrival_round_c
D:2:      old_standard_altar, lemuel_blue_sif_altar,
          grunt_dithmenos_smoke_and_mirrors, makhleb_grotto_becter
D:3:      grunt_temple_overflow_diamond, first_bread
D:4:      gammafunk_temple_overflow_arena, uniq_blork_the_orc, uniq_edmund,
          uniq_sigmund
D:5:      minmay_temple_entry_poolview
D:6:      nicolae_qazlal_general_emergency, nicolae_gozag_zags_fifth_avenue,
          hangedman_ru_absence, eino_small_chamber_without_monster,
          okawaru_metal_pillars_1_2

Skill      XL: |  1  2  3  4  5  6  7  8 |
---------------+-------------------------+-----
Fighting       | 3 |  3.8
Shields        | 3 4 5 |  5.5
Unarmed Combat | 3 |  3.0
Short Blades   | 1 2 3 4 5 |  5.0
Armour         | 3 4 |  4.3
Dodging        | 2 3 |  3.3
Stealth        | 1 2 |  2.5
Spellcasting   | 1 2 |  2.5
Necromancy     | 1 2 |  2.7
Long Blades    | |  0.2

Action                   |  1- 3 |  4- 6 |  7- 9 || total
-------------------------+-------+-------+-------++-------
Melee: Unarmed           |    75 |       |       ||    75
       Bite              |    10 |    13 |    20 ||    43
       Mace              |     5 |       |       ||     5
       Short sword       |    39 |   133 |   157 ||   329
       Dagger            |    39 |       |       ||    39
       Falchion          |       |       |     7 ||     7
 Abil: Bat Form          |       |       |     1 ||     1
  Use: Scroll            |       |     8 |     7 ||    15
       Potion            |       |     5 |     6 ||    11
 Stab: Sleeping          |       |       |     2 ||     2
       Distracted        |       |       |     1 ||     1
  Eat: Corpse            |     1 |     1 |     1 ||     3
Armor: Scale mail        |    46 |       |       ||    46
       Fire dragon scale |     9 |    52 |    13 ||    74
       Leather armour    |       |       |    11 ||    11
Dodge: Dodged            |    53 |    31 |    35 ||   119
Block: Shield            |    77 |    65 |    66 ||   208

Table legend:
 A = Spawn XP
 B = Non-spawn XP
 C = Spawn XP percentage of total XP
 D = Spawn monster count
 E = Non-spawn monster count
 F = Spawn count percentage of total count
 G = Total turns spent on level
                    A         B        C        D         E        F      G
               +---------+---------+-------+---------+---------+-------+---------
         Total |       0 |    2192 |   0.0 |       0 |     112 |   0.0 |  6395
               +---------+---------+-------+---------+---------+-------+---------
           D:1 |       0 |      26 |   0.0 |       0 |      15 |   0.0 |   573
           D:2 |       0 |      92 |   0.0 |       0 |      19 |   0.0 |  1075
           D:3 |       0 |     141 |   0.0 |       0 |      38 |   0.0 |   756
           D:4 |       0 |     670 |   0.0 |       0 |      14 |   0.0 |  1847
           D:5 |       0 |    1222 |   0.0 |       0 |      23 |   0.0 |  1813
           D:6 |       0 |      41 |   0.0 |       0 |       3 |   0.0 |   331
               +---------+---------+-------+---------+---------+-------+---------
